 Dungeon Crawl Stone Soup version 0.20-a0-940-g1ecfa5a (webtiles) character file.

117 Fhqwhgads the Shield-Bearer (level 5, -6/35 HPs)
             Began as a Halfling Fighter on Mar 30, 2017.
             Killed by divine providence
             ... invoked by an orc priest
              (11 damage)
             ... on level 3 of the Dungeon.
             The game lasted 00:03:53 (1473 turns).

Fhqwhgads the Shield-Bearer (Halfling Fighter)      Turns: 1473, Time: 00:03:54

Health: -6/35      AC:  8    Str: 18    XL:     5   Next: 22%
Magic:  5/5        EV:  9    Int:  6    God:
Gold:   82         SH: 10    Dex: 14    Spells: 4/4 levels left

rFire    . . .     SeeInvis .   w - +1 short sword (speed)
rCold    + . .     Gourm    .   c - +0 shield
rNeg     . . .     Faith    .   b - +0 scale mail
rPois    .         Spirit   .   j - +0 helmet
rElec    .         Reflect  .   (no cloak)
rCorr    .         Harm     .   (no gloves)
MR       .....                  (no boots)
Stlth    +.........             (no amulet)
Regen    0.2/turn               p - ring of protection from cold
MPRegen  0.1/turn               o - ring of stealth

@: no status effects
A: mutation resistance 1
a: no special abilities


You were on level 3 of the Dungeon.
You were very hungry.

You visited 1 branch of the dungeon, and saw 3 of its levels.

You collected 82 gold pieces.

Inventory:

Hand Weapons
 a - a +0 long sword
 q - a +2 short sword of holy wrath
 w - a +1 short sword of speed (weapon)
Missiles
 g - 43 sling bullets
Armour
 b - a +0 scale mail (worn)
 c - a +0 shield (worn)
 j - a +0 helmet (worn)
 v - a +0 chain mail
Jewellery
 h - an uncursed ring of magical power
 o - a ring of stealth (right hand)
 p - a ring of protection from cold (left hand)
Scrolls
 i - a scroll of magic mapping {unknown}
 l - 4 scrolls of teleportation {unknown}
 n - a scroll of amnesia {unknown}
 t - 4 scrolls of identify {unknown}
 y - 2 scrolls of immolation {unknown}
Potions
 d - a potion of might
 e - a potion of heal wounds {unknown}
 k - a potion of curing {unknown}
 s - 2 potions of flight {unknown}
 u - a potion of agility {unknown}
 x - a potion of haste {unknown}
Comestibles
 f - 4 bread rations
 m - a fruit
 r - a royal jelly


   Skills:
 - Level 2.6 Fighting
 * Level 4.1 Long Blades
 - Level 3.2 Armour
 + Level 4.5 Shields


You had 4 spell levels left.
You didn't know any spells.

Dungeon Overview and Level Annotations

Branches:
Dungeon (3/15)

Altars:


Innate Abilities, Weirdness & Mutations

You are small and have problems with some larger weapons.
You are somewhat resistant to further mutation.


Message History

You closely miss the orc. You block the orc priest's attack.
The hobgoblin closely misses you. The orc hits you but does no damage.
You hit the orc.
The orc is moderately wounded.
You block the orc's attack.
The orc priest hits you from afar with a trident.
You hit the orc but do no damage.
The orc is moderately wounded.
The hobgoblin hits you but does no damage.
You block the orc's attack. x2
The orc priest hits you from afar with a trident!
* * * LOW HITPOINT WARNING * * *
You closely miss the orc.
The orc is moderately wounded.
The hobgoblin closely misses you. You block the orc's attack. x2
You hit the orc.
The orc is moderately wounded.
The orc priest calls down the wrath of Beogh upon you.
Beogh smites you!
You die...

#.. .# .. .##.. . #. ..
.##.. . # #. #.#####. ...
.#. #. #......# #.# #.# ###.
#......###.# #.# . ....
#...†.....o# #.# #.# ##.
#.#..†...###g###.####.#####.
#.......{oo@ob.............(
###.##.#.####.##............
# ...#$.og..##..#.#.####..
.....#....####...###[.....
....#######.......## ##.##.#
#.#. ..........###.###.# # #
########.#.#.## #.# #.##.##
#.# #.##.# #.#


You could see an orc priest, 3 orcs, a hobgoblin and a bat.

Vanquished Creatures
  Jessica (D:3)
  3 adders
  A worm (D:3)
  3 dart slugs
  A leopard gecko (D:2)
  An orc (D:3)
  5 bats
  3 giant cockroaches (D:1)
  5 goblins
  3 hobgoblins
  10 jackals
  8 kobolds
  A quokka (D:2)
  4 rats
49 creatures vanquished.

Notes
Turn   | Place    | Note
-------+----------+-------------------------------------------
     0 | D:1      | Fhqwhgads the Halfling Fighter began the quest for the Orb.
     0 | D:1      | Reached XP level 1. HP: 15/15 MP: 1/1
   113 | D:1      | Reached XP level 2. HP: 20/20 MP: 2/2
   551 | D:1      | Reached XP level 3. HP: 25/25 MP: 3/3
   748 | D:2      | Reached XP level 4. HP: 27/30 MP: 4/4
  1326 | D:3      | Noticed Jessica
  1333 | D:3      | Killed Jessica
  1333 | D:3      | Reached XP level 5. HP: 31/35 MP: 5/5
  1473 | D:3      | Killed from afar by an orc priest

Vault maps used:
D:1:      nagdon_arrival_zigzag_paths
D:3:      first_bread, uniq_jessica

Skill      XL: |  1  2  3  4 |
---------------+-------------+-----
Long Blades    | 3 4 |  4.1
Shields        | 4 |  4.5
Fighting       | |  2.6
Armour         | |  3.2

Action                   |  1- 3 |  4- 6 || total
-------------------------+-------+-------++-------
Melee: Long sword        |    82 |    22 ||   104
       Short sword       |       |    77 ||    77
  Eat: Chunk             |       |     1 ||     1
Armor: Scale mail        |    90 |    37 ||   127
Dodge: Dodged            |    74 |    31 ||   105
Block: Shield            |    92 |    61 ||   153
       Rpst.: Long sword |    25 |     2 ||    27
